 Dungeon Crawl Stone Soup version 0.23-a0-319-gb40ba49 (webtiles) character file.

15091 Amnesiac the Geomancer (level 11, 0/82 HPs)
             Began as a Deep Dwarf Earth Elementalist on Oct 14, 2018.
             Was a High Priest of Ru.
             Slain by an ice devil (27 damage)
             ... summoned by an orc high priest
             ... on level 1 of the Orcish Mines.
             The game lasted 00:39:24 (11878 turns).

Amnesiac the Geomancer (DDEE)                      Turns: 11878, Time: 00:39:24

Health: 0/82       AC:  5    Str: 13    XL:     11   Next: 97%
Magic:  29/33      EV: 11    Int: 17    God:    Ru [*****.]
Gold:   515        SH:  4    Dex: 12    Spells: 11/29 levels left

rFire    + . .     SeeInvis .   a - +3 dagger (venom)
rCold    x . .     Gourm    .   (no shield)
rNeg     . . .     Faith    .   e - +0 leather armour
rPois    .         Spirit   .   (no helmet)
rElec    .         Reflect  +   n - scarf {cloud immunity}
rCorr    .         Harm     .   t - +1 pair of gloves
MR       .....                  (no boots)
Stlth    +++.......             H - +4 amulet of reflection
HPRegen  0.00/turn              z - ring of magical power
MPRegen  0.23/turn              i - ring of fire

@: non-regenerating, heavily drained
A: damage resistance, heal wounds, clumsy 1, sense surroundings 2, inability to
use devices, magic vulnerability 1, unskilled 1, no regeneration
a: Heal Wounds, Draw Out Power, Power Leap, Apocalypse, Renounce Religion


You were on level 1 of the Orcish Mines.
You worshipped Ru.
Ru was extremely pleased with you.
You were not hungry.

You visited 2 branches of the dungeon, and saw 12 of its levels.

You collected 671 gold pieces.
You spent 156 gold pieces at shops.

Inventory:

Hand Weapons
 a - a +3 dagger of venom (weapon)
Missiles
 j - 305 stones (quivered)
 C - 12 poisoned needles
Armour
 e - a +0 leather armour (worn)
 n - a scarf of cloud immunity (worn)
 t - a +1 pair of gloves (worn)
 D - a +0 buckler
Jewellery
 c - an uncursed ring of see invisible
 h - an uncursed ring of poison resistance
 i - a ring of fire (right hand)
 v - an uncursed ring of resist corrosion
 z - a ring of magical power (left hand)
 H - a +4 amulet of reflection (around neck)
Scrolls
 b - a scroll of identify {!r}
 g - 4 scrolls of remove curse {!r}
 k - 5 scrolls of teleportation {!r}
 q - 4 scrolls of fog {!r}
 r - 2 scrolls of enchant armour {!r}
 w - 3 scrolls of summoning {!r}
 A - a scroll of magic mapping {!r}
Potions
 f - 2 potions of brilliance {!q}
 l - 2 potions of curing {!q}
 o - 10 potions of degeneration {!q}
 p - 3 potions of agility {!q}
 s - 3 potions of lignification {!q}
 u - 2 potions of might {!q}
 x - 2 potions of haste {!q}
 F - a potion of berserk rage {!q}
 I - 2 potions of mutation {!q}
Comestibles
 d - 25 rations


   Skills:
 - Level 0.4(0.0) Fighting
 - Level 8.0(5.8) Short Blades
 - Level 2.2(0.3) Dodging
 - Level 8.0(5.8) Stealth
 - Level 5.2(3.2) Shields
 * Level 9.9(7.6) Spellcasting
 - Level 1.1(0.0) Transmutations
 + Level 10.0(7.7) Earth Magic


You had 11 spell levels left.
You knew the following spells:

 Your Spells              Type           Power        Failure   Level  Hunger
a - Sandblast             Erth           ####..       1%          1    None
b - Passwall              Tmut/Erth      ###.....     4%          2    None
c - Mephitic Cloud        Conj/Pois/Air  #.......     38%         3    #......
d - Lee's Rapid Deconstr  Erth           ####......   16%         5    #####..
e - Petrify               Tmut/Erth      ###.....     28%         4    ###....
s - Conjure Flame         Conj/Fire      #.......     38%         3    #......

Your spell library contained the following spells:

 Spells                   Type           Power        Failure   Level  Hunger
 Stone Arrow              Conj/Erth      ###...       9%          3    #......
 Beastly Appendage        Tmut           #.....       14%         1    None
 Sting                    Conj/Pois      #...         14%         1    None
 Poisonous Vapours        Pois/Air       #.....       22%         2    None
 Sticks to Snakes         Tmut           #.......     22%         2    None
 Spider Form              Tmut/Pois      #.........   38%         3    #......
 Ice Form                 Ice/Tmut       #.......     80%         4    ###....
 Olgreb's Toxic Radiance  Pois           #.......     80%         4    ###....
 Blade Hands              Tmut           #.........   98%         5    #####..
 Venom Bolt               Conj/Pois      #.........   98%         5    #####..
 Freezing Cloud           Conj/Ice/Air   #.........   100%        6    ######.
 Ring of Flames           Chrm/Fire      #.........   100%        7    #######


Dungeon Overview and Level Annotations

Branches:
Dungeon (11/15)            Temple (0/1) D:5            Lair (0/6) D:11
    Orc (1/2) D:11

Altars:
Ashenzari
Dithmenos
Elyvilon
Fedhas
Gozag
Kikubaaqudgha
Nemelex Xobeh
Okawaru
Ru
Sif Muna
Uskayaw
Wu Jian
Zin

Shops:
D:4 }**!

Annotations:
D:11 exclusion: komodo dragon


Innate Abilities, Weirdness & Mutations

You are resistant to damage.
You can heal yourself by infusing magical energy.
You are clumsy. (Dex -2)
You passively map the area around you.
You cannot study or use magical devices.
You are slightly vulnerable to magic. (MR-)
You are somewhat unskilled. (-1 Apt)
You do not regenerate.


Message History

You feel less exhausted.
You are restored by drawing out deep reserves of power within.
You feel drained.
You eat one of the 26 rations.
That ration really hit the spot!
You climb downwards.
Welcome back to the Orcish Mines!
The orc barely misses you.
The orc wizard points at you and mumbles some strange words.
The magic dart hits you!
You focus your will and paralyse the orc wizard in retribution!
There is a staircase back to the Dungeon here.
You hit the orc.
The orc is poisoned.
The orc is almost dead.
You kill the orc!
The orc high priest prays to Beogh.
Casting: Lee's Rapid Deconstruction (quite dangerous; 17% risk of failure)
Confirm with . or Enter, or press ? or * to list all spells.
Aiming: Lee's Rapid Deconstruction (quite dangerous; 17% risk of failure)
Press: ? - help, Dir - move target cursor A rock wall.
Okay, then.
The orc warrior hits you with a trident!
The orc warrior barely misses you.
You redirect the orc high priest's attack!
The helpless orc wizard fails to defend itself.
You stick the orc wizard like a pincushion!!!
You kill the orc wizard!
You redirect the orc high priest's attack!
The orc high priest mumbles some strange prayers to Beogh.
The hellwing gives a chilling moan.
The orc warrior closely misses you.
The red devil hits you from afar with a trident!
You block the orc warrior's attack.
There is a staircase back to the Dungeon here.
You hit the orc.
The orc is lightly wounded.
The orc warrior misses you.
The orc is stunned by your will and fails to attack.
The orc high priest invokes the aid of Beogh against you.
Beogh smites you!
You feel less exhausted.
The orc high priest begins to pray, but is stunned by your will!
Casting: Lee's Rapid Deconstruction (quite dangerous; 16% risk of failure)
Confirm with . or Enter, or press ? or * to list all spells.
Aiming: Lee's Rapid Deconstruction (quite dangerous; 16% risk of failure)
Press: ? - help, Dir - move target cursor A rock wall.
Okay, then.
Casting: Lee's Rapid Deconstruction (quite dangerous; 16% risk of failure)
Confirm with . or Enter, or press ? or * to list all spells.
Aiming: Lee's Rapid Deconstruction (quite dangerous; 16% risk of failure)
Press: ? - help, Dir - move target cursor A rock wall.
The wall shatters!
The blast of rock fragments hits the orc warrior.
The orc warrior is moderately wounded.
The blast of rock fragments hits the ice devil.
The blast of rock fragments hits the red devil.
The red devil is lightly wounded.
The orc warrior hits you from afar with a trident!
* * * LOW HITPOINT WARNING * * *
The ice devil hits you.
* * * LOW HITPOINT WARNING * * *
The ice devil freezes you!!
You feel a terrible chill!
You die...

, ##..## #....#
* ##..## *
#...### #...#.##
* ##......#
##.......#
##.#......## , *
#...##@....###
**
##....4.#....##
*
##..o#4..#....#
,
#....)<4......#
,
##.....oo##..##
*, ,
#...#....#...# *
#.......)....# ,
..............#
,
.........#.#..##


You could see an orc high priest, a hellwing, an ice devil, a red devil, an orc
warrior and an orc.

Vanquished Creatures
  A fire giant (D:10)
  A hydra (D:8)
  2 two-headed ogres
  2 dancing weapons (D:8)
  The ghost of Yblyduag the Grappler, a novice VSTm of Ru (D:10)
  A cyclops (D:11)
  An orc sorcerer (Orc:1)
  5 gargoyles (D:8)
  A centaur skeleton (D:11)
  2 hornets
  A troll (D:10)
  A hippogriff (D:7)
  2 dream sheep (D:8)
  A meliai zombie (D:7)
  2 yaks (D:8)
  A wyvern (D:9)
  A hungry ghost (D:4)
  A swamp drake (D:11)
  7 orc warriors
  2 sky beasts
  2 ice beasts (D:5)
  A black bear (D:7)
  7 ogres
  6 centaurs
  4 phantoms
  3 bullfrogs
  3 big kobolds (D:8)
  A wyvern zombie (D:11)
  4 scorpions
  7 killer bees
  5 wights (D:8)
  8 howler monkeys
  3 crimson imps
  A centaur zombie (D:11)
  A lava snake (D:8)
  2 bullfrog zombies
  6 hounds
  A gnoll shaman (D:7)
  A human zombie (D:3)
  5 orc priests
  A jelly (D:8)
  12 orc wizards
  4 iguanas
  3 worker ants
  2 killer bee zombies
  3 hound skeletons
  3 worker ant zombies
  14 gnolls
  7 adders
  5 shadow imps
  An ooze (D:2)
  2 adder skeletons
  A worm (D:3)
  3 dart slugs
  5 leopard geckos
  68 orcs
  10 bats
  6 giant cockroaches
  9 hobgoblins
  6 jackals
  9 kobolds
  5 quokkas
  3 ball pythons
  4 frilled lizards
  5 goblins
  2 jackal skeletons
  A jackal zombie (D:5)
  A leopard gecko zombie (D:5)
  A quokka skeleton (D:4)
  A quokka zombie (D:5)
  7 rats
311 creatures vanquished.

Vanquished Creatures (others)
  A human (D:3)
  3 orcs
  2 plants (D:8)
6 creatures vanquished.

Grand Total: 317 creatures vanquished

Notes
Turn   | Place    | Note
-------+----------+-------------------------------------------
     0 | D:1      | Amnesiac the Deep Dwarf Earth Elementalist began the quest
                  | for the Orb.
     0 | D:1      | Reached XP level 1. HP: 15/15 MP: 3/3
   218 | D:1      | Reached XP level 2. HP: 22/22 MP: 5/5
   222 | D:1      | Learned a level 2 spell: Passwall
   319 | D:1      | Reached skill level 1 in Transmutations
   459 | D:1      | Reached skill level 5 in Earth Magic
   515 | D:1      | Reached XP level 3. HP: 21/28 MP: 0/6
  1013 | D:3      | Found an iron altar of Okawaru.
  1023 | D:3      | Reached XP level 4. HP: 25/36 MP: 7/7
  1070 | D:3      | Reached skill level 6 in Earth Magic
  1076 | D:3      | Learned a level 4 spell: Petrify
  1246 | D:4      | Found a white marble altar of Elyvilon.
  1265 | D:4      | Noticed an ogre
  1269 | D:4      | Killed an ogre
  1269 | D:4      | Reached skill level 1 in Short Blades
  1269 | D:4      | Reached skill level 7 in Earth Magic
  1269 | D:4      | Reached XP level 5. HP: 25/42 MP: 4/9
  1430 | D:4      | Found a sacrificial altar of Ru.
  1437 | D:4      | Noticed an ogre
  1439 | D:4      | Became a worshipper of Ru the Awakened
  2647 | D:3      | Found a shadowy altar of Dithmenos.
  2721 | D:3      | Reached XP level 6. HP: 18/49 MP: 6/10
  2916 | D:3      | Gained mutation: You cannot study or use magical devices.
                  | [Ru sacrifice]
  2916 | D:3      | Reached * piety under Ru
  2916 | D:3      | Reached ** piety under Ru
  3245 | D:3      | Found an ancient bone altar of Kikubaaqudgha.
  3245 | D:3      | Noticed a human
  3250 | D:3      | Killed a human
  3399 | D:4      | Found Iruwaf's General Store.
  3541 | D:4      | Reached skill level 8 in Earth Magic
  3548 | D:4      | Learned a level 5 spell: Lee's Rapid Deconstruction
  3667 | D:4      | Reached XP level 7. HP: 17/55 MP: 8/12
  3770 | D:4      | Found Byzosha Qant's Distillery.
  3784 | D:4      | Bought a potion of ambrosia for 96 gold pieces
  3951 | D:4      | Noticed a hungry ghost
  3955 | D:4      | Killed a hungry ghost
  3955 | D:4      | Reached skill level 9 in Earth Magic
  4048 | D:4      | Found Aghecikk's Gadget Shop.
  4269 | D:4      | Found Meckacen's General Store.
  4309 | D:5      | Entered Level 5 of the Dungeon
  4432 | D:4      | Bought a potion of heal wounds for 60 gold pieces
  4450 | D:5      | Found a blossoming altar of Fedhas.
  4458 | D:5      | Reached skill level 10 in Earth Magic
  4698 | D:5      | Reached XP level 8. HP: 54/62 MP: 8/14
  4751 | D:5      | Gained mutation: You are clumsy. (Dex -2) [Ru sacrifice]
  4751 | D:5      | Reached *** piety under Ru
  4872 | D:5      | Found an ornate altar of the Wu Jian Council.
  4980 | D:5      | Found a staircase to the Ecumenical Temple.
  5195 | D:6      | Found a sparkling altar of Nemelex Xobeh.
  5382 | D:6      | Reached skill level 5 in Spellcasting
  5516 | D:6      | Found a glowing silver altar of Zin.
  5752 | D:6      | Found a deep blue altar of Sif Muna.
  5805 | D:7      | Noticed a hippogriff
  5833 | D:7      | Killed a hippogriff
  5833 | D:7      | Reached skill level 5 in Short Blades
  5833 | D:7      | Reached skill level 5 in Stealth
  5959 | D:7      | Gained mutation: You passively map the area around you.
                  | [Deep Dwarf growth]
  5959 | D:7      | Reached XP level 9. HP: 62/68 MP: 13/17
  6189 | D:7      | Found an ancient bone altar of Kikubaaqudgha.
  6744 | D:8      | Found a hide-covered altar of Uskayaw.
  6744 | D:8      | Noticed a hand axe
  6744 | D:8      | Noticed a dagger
  6756 | D:8      | Killed a hand axe
  6774 | D:7      | Gained mutation: You are slightly vulnerable to magic.
                  | (MR-) [Ru sacrifice]
  6774 | D:7      | Reached **** piety under Ru
  6912 | D:8      | Killed a dagger
  6938 | D:8      | Noticed a gargoyle
  6940 | D:8      | Noticed a gargoyle
  6972 | D:8      | Killed a gargoyle
  6972 | D:8      | Reached XP level 10. HP: 59/75 MP: 19/19
  6975 | D:8      | Killed a gargoyle
  6980 | D:8      | Noticed a gargoyle
  7019 | D:8      | Killed a gargoyle
  7064 | D:8      | Noticed a gargoyle
  7066 | D:8      | Killed a gargoyle
  7106 | D:8      | Noticed a gargoyle
  7362 | D:8      | Killed a gargoyle
  7835 | D:8      | Noticed a two-headed hydra
  8021 | D:8      | Killed a two-headed hydra
  8021 | D:8      | Reached XP level 11. HP: 34/81 MP: 11/24
  8224 | D:8      | Noticed a two-headed ogre
  8231 | D:8      | Killed a two-headed ogre
  8231 | D:8      | Reached skill level 10 in Spellcasting
  8436 | D:8      | Learned a level 3 spell: Mephitic Cloud
  8440 | D:8      | Learned a level 3 spell: Conjure Flame
  8571 | D:9      | Found Osuvom's Antique Weapon Shop.
  8914 | D:9      | Found a shattered altar of Ashenzari.
  9143 | D:9      | Found an opulent altar of Gozag.
  9373 | D:10     | Entered Level 10 of the Dungeon
  9400 | D:10     | Reached skill level 1 in Shields
  9481 | D:10     | Found a runed door.
  9481 | D:10     | Noticed a fire giant
  9482 | D:10     | Noticed Yblyduag's ghost (novice VSTm)
  9501 | D:10     | Gained mutation: You are somewhat unskilled. (-1 Apt) [Ru
                  | sacrifice]
  9501 | D:10     | Reduced skill Earth Magic to level 9
  9501 | D:10     | Reached ***** piety under Ru
  9883 | D:10     | Paralysed by a hornet for 3 turns
 10235 | D:11     | Got a pitted whip
 10694 | D:11     | Found a staircase to the Lair.
 10715 | D:11     | Noticed a two-headed ogre
 10734 | D:11     | Killed a two-headed ogre
 11550 | D:11     | Found a staircase to the Orcish Mines.
 11685 | D:10     | Killed Yblyduag's ghost
 11685 | D:10     | Reached skill level 5 in Shields
 11702 | D:10     | Killed a fire giant
 11783 | Orc:1    | Identified a paperback manual
 11783 | Orc:1    | Entered Level 1 of the Orcish Mines
 11816 | Orc:1    | Noticed an orc high priest
 11816 | Orc:1    | Noticed an orc sorcerer
 11823 | Orc:1    | Noticed a sixfirhy
 11823 | Orc:1    | Noticed a sixfirhy
 11829 | Orc:1    | Killed an orc sorcerer
 11829 | Orc:1    | Reached skill level 10 in Earth Magic
 11878 | Orc:1    | Slain by an ice devil

Vault maps used:
D:1:      dpeg_arrival_signposts, wad_floor_pattern_untrapped
D:2:      serial_rivers, chequers_serial_rivers_micro_e,
          chequers_serial_rivers_micro_a, chequers_serial_rivers_micro_b,
          chequers_serial_rivers_large_a, chequers_serial_rivers_small_b,
          chequers_serial_rivers_micro_c, minmay_strange_pillars,
          grunt_decor_one_mirror
D:3:      nicolae_overflow_crystal_walls, nicolae_dithmenos_shadow_blocks,
          serial_undead, serial_undead_d, serial_undead_a, serial_undead_e,
          serial_undead_b, dk_noncrumbling_4, tgw_kikubaaqudgha
D:4:      nicolae_ru_awakened_eye, elyvilon_altar_1, serial_shops,
          nicolae_shop_window_shopping, shop, kennysheep_mini,
          nicolae_shop_statue_plus, chequers_arboretum
D:5:      nicolae_overflow_hidden_temple, fedhas_altar_2,
          minmay_temple_entry_fiery, first_ration, minmay_joined_circles
D:6:      nemelex_xobeh_ov_fountains_minmay, lemuel_blue_sif_altar, zin_statuary
D:7:      minmay_cornered_nines, kennysheep_little_box,
          kennysheep_generic_room_3
D:8:      cheibrodos_statue_roulette, dancing_weapons_uskayaw, special_room,
          hangedman_ranch, kennysheep_path_1
D:9:      ashenzari_conservatory_becter,
          nicolae_gozag_cash_rules_everything_around_me, serial_shops,
          nicolae_shop_overgrown_old_shop, kennysheep_small_spiral,
          grunt_ministairs_12, minivault_25
D:10:     ebering_ghost_inner_flame
D:11:     david_lair_shrubbed, erik_orc_1, st_stairs_1
Orc:1:    gammafunk_ghost_arena, lightli_orcish_oven

Skill      XL: |  1  2  3  4  5  6  7  8  9 10 11 |
---------------+----------------------------------+-----
Spellcasting   | 2 3 4 5 6 9 9 |  9.9
Transmutations | 1 |  1.1
Earth Magic    | 5 7 8 10 10 | 10.0
Short Blades   | 1 2 5 7 8 8 |  8.0
Stealth        | 5 7 8 8 |  8.0
Shields        | 5 |  5.2
Fighting       | |  0.4
Dodging        | |  2.2

Action                   |  1- 3 |  4- 6 |  7- 9 | 10-12 || total
-------------------------+-------+-------+-------+-------++-------
Melee: Dagger            |    29 |    79 |   137 |   326 ||   571
 Fire: Hunting sling     |     9 |       |       |       ||     9
 Cast: Sandblast         |    30 |    47 |    53 |    41 ||   171
       Passwall          |     1 |     2 |    12 |    17 ||    32
       Petrify           |       |     5 |    12 |    38 ||    55
       Lee's Rapid Decon |       |       |    13 |    55 ||    68
Invok: Sacrifice Artific |       |     1 |       |       ||     1
       Draw Out Power    |       |       |     4 |    16 ||    20
       Sacrifice Purity  |       |       |     1 |       ||     1
       Power Leap        |       |       |     1 |     1 ||     2
       Sacrifice Essence |       |       |     1 |       ||     1
       Apocalypse        |       |       |       |     1 ||     1
       Sacrifice Skill   |       |       |       |     1 ||     1
 Abil: Heal Wounds       |       |       |     1 |       ||     1
  Use: Scroll            |     2 |     9 |     4 |     7 ||    22
       Potion            |       |     2 |     2 |     5 ||     9
 Stab: Sleeping          |     8 |     2 |     6 |    16 ||    32
       Petrified         |       |    12 |     8 |    23 ||    43
       Petrifying        |       |       |     4 |     6 ||    10
       Distracted        |       |       |     1 |     2 ||     3
       Paralysed         |       |       |       |     4 ||     4
       Invisible         |       |       |       |     2 ||     2
  Eat: Chunk             |     1 |    10 |    11 |    26 ||    48
       Ration            |       |       |     2 |     3 ||     5
Armor: Robe              |     7 |    15 |       |       ||    22
       Leather armour    |       |       |    32 |    45 ||    77
Dodge: Dodged            |    22 |    60 |    91 |   144 ||   317
Block: Other             |       |       |       |    18 ||    18
       Reflection        |       |       |       |     2 ||     2

Table legend:
 A = Non-vault XP
 B = Vault XP
 C = Vault XP percentage of total XP
 D = Non-vault monster count
 E = Vault monster count
 F = Vault count percentage of total count
                 A         B        C        D         E       F
            +---------+---------+-------+---------+---------+-------
      Total |   11187 |   10372 |  48.1 |     236 |      75 |  24.1
            +---------+---------+-------+---------+---------+-------
        D:1 |      48 |       0 |   0.0 |      25 |       0 |   0.0
        D:2 |      67 |       0 |   0.0 |      23 |       0 |   0.0
        D:3 |     170 |      54 |  24.1 |      27 |       5 |  15.6
        D:4 |     747 |       0 |   0.0 |      22 |       0 |   0.0
        D:5 |     589 |      89 |  13.1 |      22 |       4 |  15.4
        D:6 |     388 |       0 |   0.0 |       6 |       0 |   0.0
        D:7 |     991 |     391 |  28.3 |      19 |       4 |  17.4
        D:8 |    2364 |    6192 |  72.4 |      29 |      39 |  57.4
        D:9 |     162 |     242 |  59.9 |       4 |       2 |  33.3
       D:10 |    1677 |    2521 |  60.1 |      23 |       2 |   8.0
       D:11 |    3136 |     883 |  22.0 |      27 |      19 |  41.3
      Orc:1 |     848 |       0 |   0.0 |       9 |       0 |   0.0
            +---------+---------+-------+---------+---------+-------
